 Dungeon Crawl Stone Soup version 0.27-a0-732-ga892ba84f6 (webtiles) character file.

Game seed: 584924360760784061

13608 sleeves the Covert (level 11, -1/65 HPs)
             Began as a Deep Elf Brigand on Mar 23, 2021.
             Was a High Priest of Sif Muna.
             Slain by a six-headed hydra (4 damage)
             ... on level 1 of the Lair of Beasts.
             The game lasted 00:44:50 (20721 turns).

sleeves the Covert (Deep Elf Brigand)              Turns: 20721, Time: 00:44:50

Health: -1/65      AC:  9    Str:  8    XL:     11   Next: 77%
Magic:  21/22      EV: 23    Int: 20    God:    Sif Muna [*****.]
Gold:   739        SH:  5    Dex: 16    Spells: 7/22 levels left

rFire    . . .     SeeInvis .   a - +2 dagger (venom)
rCold    . . .     Faith    .   (no shield)
rNeg     . . .     Spirit   .   z - +2 leather armour {Will+}
rPois    .         Reflect  +   G - +0 helmet
rElec    .         Harm     .   c - +0 cloak
rCorr    .         Rampage  .   Q - +0 pair of gloves
Will     ++...                  (no boots)
Stlth    +++++.....             k - amulet of reflection
HPRegen  0.20/turn              I - +4 ring of evasion
MPRegen  0.18/turn              D - +4 ring of evasion

@: no status effects
A: no striking features
a: Renounce Religion, Channel Magic, Forget Spell, Divine Exegesis


You were on level 1 of the Lair of Beasts.
You worshipped Sif Muna.
Sif Muna was extremely pleased with you.
You visited 3 branches of the dungeon, and saw 13 of its levels.
You also visited: Ossuary.

You collected 739 gold pieces.

Inventory:

Hand Weapons
 a - a +2 dagger of venom (weapon)
   (You took it off a goblin on level 1 of the Dungeon)
 b - a +2 dagger of speed
   (You took it off a goblin on level 3 of the Dungeon)
 r - a +4 dagger
   (You took it off a goblin on level 2 of the Dungeon)
 P - a +2 falchion of draining
   (You took it off an orc on level 9 of the Dungeon)
Missiles
 d - 55 poisoned darts (quivered)
 e - 3 curare-tipped darts
Armour
 c - a +0 cloak (worn)
 z - a +2 leather armour of willpower (worn)
   (You took it off Eustachio on level 6 of the Dungeon)
 E - +0 acid dragon scales
   (You took it off Maggie on level 6 of the Dungeon)
 G - a +0 helmet (worn)
   (You found it on level 6 of the Dungeon)
 Q - a +0 pair of gloves (worn)
   (You found it on level 10 of the Dungeon)
 R - a +0 kite shield
   (You took it off a gnoll sergeant on level 10 of the Dungeon)
Jewellery
 k - an amulet of reflection (around neck)
   (You found it on level 2 of the Dungeon)
 q - a ring of fire
   (You found it on level 3 of the Dungeon)
 v - a ring of flight
   (You found it on level 4 of the Dungeon)
 A - a ring of poison resistance
   (You found it on level 4 of the Dungeon)
 D - a +4 ring of evasion (left hand)
   (You found it on level 4 of the Dungeon)
 I - a +4 ring of evasion (right hand)
   (You found it on level 7 of the Dungeon)
 J - an amulet of faith
   (You found it on level 7 of the Dungeon)
 M - a ring of see invisible
   (You found it on level 8 of the Dungeon)
Wands
 t - a wand of random effects (36)
   (You found it on level 3 of the Dungeon)
 F - a wand of charming (13)
   (You took it off Pikel on level 6 of the Dungeon)
 N - a wand of iceblast (7)
   (You took it off Erolcha on level 9 of the Dungeon)
 O - a wand of polymorph (3)
   (You found it on level 9 of the Dungeon)
Scrolls
 f - a scroll of noise {unknown}
 h - 3 scrolls of blinking {unknown}
 i - 3 scrolls of teleportation {unknown}
 j - 2 scrolls of amnesia {unknown}
 m - 4 scrolls of fear {unknown}
 n - 4 scrolls of enchant armour {unknown}
 o - 2 scrolls of magic mapping {unknown}
 s - 21 scrolls of identify {unknown}
 y - a scroll of acquirement {unknown}
 C - 6 scrolls of immolation
 S - 3 scrolls of holy word {unknown}
 T - a scroll of torment {unknown}
Potions
 g - 6 potions of curing
 l - a potion of brilliance {unknown}
 p - 2 potions of mutation {unknown}
 u - a potion of might {unknown}
 w - 2 potions of attraction {unknown}
 x - a potion of flight {unknown}
 B - 2 potions of heal wounds
 H - 2 potions of resistance {unknown}
 K - 2 potions of berserk rage {unknown}
 L - 2 potions of magic {unknown}


   Skills:
 - Level 6.3 Fighting
 - Level 7.0 Short Blades
 - Level 2.0 Throwing
 - Level 4.0 Armour
 - Level 8.0 Dodging
 + Level 13.7 Stealth
 + Level 6.4 Spellcasting
 + Level 2.8 Conjurations
 - Level 8.1 Translocations
 + Level 2.4 Invocations


You had 7 spell levels left.
You knew the following spells:

 Your Spells              Type           Power      Damage    Failure   Level
a - Apportation           Tloc           76%        N/A       1%          1
b - Gell's Gravitas       Tloc           19%        N/A       1%          3
c - Passage of Golubria   Tloc           N/A        N/A       4%          4
d - Manifold Assault      Tloc           38%        N/A       4%          4
e - Stone Arrow           Conj/Erth      24%        3d8       24%         3

Your spell library contained the following spells:

 Spells                   Type           Power      Damage    Failure   Level
 Portal Projectile        Hex/Tloc       44%        N/A       8%          3
 Animate Skeleton         Necr           12%        N/A       14%         1
 Corona                   Hex            6%         N/A       14%         1
 Sandblast                Erth           12%        2d6       14%         1
 Summon Small Mammal      Summ           24%        N/A       14%         1
 Corpse Rot               Necr/Air       N/A        N/A       22%         2
 Passwall                 Tmut/Erth      5%         N/A       22%         2
 Sublimation of Blood     Necr           3%         N/A       22%         2
 Dispersal                Tloc           19%        N/A       61%         6
 Dispel Undead            Necr           6%         3d8       80%         4
 Petrify                  Tmut/Erth      6%         N/A       80%         4
 Agony                    Necr           6%         N/A       98%         5
 Excruciating Wounds      Necr           3%         N/A       98%         5
 Lee's Rapid Deconstruct  Erth           3%         3d6*      98%         5
 Disjunction              Tloc           19%        N/A       100%        8


Dungeon Overview and Level Annotations

Branches:
Dungeon (11/15)            Temple (1/1) D:4            Lair (1/6) D:10
    Orc (0/2) D:10        Ossuary (visited)

Altars:
Ashenzari
Cheibriados
Dithmenos
Elyvilon
Fedhas
Gozag
Hepliaklqana
Kikubaaqudgha
Makhleb
Nemelex Xobeh
Okawaru
Qazlal
Ru
Sif Muna
Trog
Uskayaw
Vehumet
Wu Jian
Xom
Yredelemnul
Zin
The Shining One

Shops:
D:8 *

Annotations:
D:10 Maurice


Message History

The orc hits you but does no damage.
Things that are here:
a +0 flail; a +0 leather armour You hit the orc but do no damage.
The orc is poisoned.
You block the orc's attack.
You hit the orc.
The orc looks as sick as possible!
The orc is heavily wounded.
The orc completely misses you.
You hit the orc.
The orc looks as sick as possible!
The orc is almost dead.
You kill the orc!
Sif Muna accepts your kill.
t - a wand of random effects (44) (gained 18 charges)
You see here a +0 whip.
Things that are here:
a +0 flail; a +0 leather armour
Things that are here:
a +0 club; a +0 leather armour
There is an open door here.
There is an open door here.
d - 53 poisoned darts (gained 1)
Things that are here:
a +0 club; an orc corpse You now have 628 gold pieces (gained 94).
d - 54 poisoned darts (gained 1)
Things that are here:
a +0 spear; a +0 animal skin; the gnoll corpse of Grum
s - 17 scrolls labelled QEUSESTRURA (gained 1)
i - 3 scrolls labelled KAPILL XOUBB (gained 1)
There is an escape hatch in the floor here.
Things that are here:
a +0 plate armour; a +0 trident
Q - a +0 pair of gloves You start putting on your armour.
You continue putting on your +0 pair of gloves. x4
You finish putting on your +0 pair of gloves.
A gnoll sergeant is nearby!
You see here a poisoned dart.
Found a stone staircase leading down.
You catch the helpless gnoll completely off-guard!
You perforate the gnoll like a sieve!!!
You kill the gnoll!
Sif Muna accepts your kill.
The gnoll shouts!
You see here 2 potions of curing.
You block the gnoll's attack.
The gnoll sergeant shouts!
You hit the gnoll.
The gnoll is poisoned.
The gnoll is moderately wounded.
You hit the gnoll.
The gnoll is heavily wounded.
The gnoll misses you.
You hit the gnoll.
The gnoll looks as sick as possible!
The gnoll is severely wounded.
You hit the gnoll but do no damage.
The gnoll looks as sick as possible!
The gnoll is severely wounded.
You kill the gnoll!
Sif Muna accepts your kill. The gnoll sergeant barely misses you.
You block the gnoll sergeant's attack.
Found an escape hatch in the ceiling.
You closely miss the gnoll sergeant. The gnoll sergeant misses you.
You hit the gnoll sergeant but do no damage.
The gnoll sergeant is poisoned.
You hit the gnoll sergeant but do no damage.
The gnoll sergeant looks as sick as possible!
The gnoll sergeant barely misses you.
You hit the gnoll sergeant.
The gnoll sergeant is lightly wounded.
You block the gnoll sergeant's attack.
You hit the gnoll sergeant.
The gnoll sergeant looks as sick as possible!
The gnoll sergeant is moderately wounded.
You hit the gnoll sergeant but do no damage.
The gnoll sergeant looks as sick as possible!
The gnoll sergeant is moderately wounded.
The gnoll sergeant closely misses you.
You hit the gnoll sergeant.
The gnoll sergeant is heavily wounded.
The gnoll sergeant hits you but does no damage.
You hit the gnoll sergeant but do no damage.
The gnoll sergeant looks as sick as possible!
The gnoll sergeant is severely wounded.
You hit the gnoll sergeant.
The gnoll sergeant looks as sick as possible!
The gnoll sergeant is severely wounded.
You kill the gnoll sergeant!
Sif Muna accepts your kill.
Things that are here:
a +0 spear; a +0 ring mail; a +0 kite shield
Things that are here:
a +0 spear; a +0 ring mail; a +0 kite shield
R - a +0 kite shield
Things that are here:
a +0 whip; a gnoll corpse
g - 5 potions of curing (gained 2)
Things that are here:
a +0 spear; a gnoll corpse
d - 55 poisoned darts (gained 1)
d - 56 poisoned darts (gained 1)
d - 57 poisoned darts (gained 1)
d - 59 poisoned darts (gained 2)
d - 60 poisoned darts (gained 1)
d - 61 poisoned darts (gained 1)
d - 62 poisoned darts (gained 1)
Things that are here:
21 arrows; a +0 shortbow; a +0 hand axe
Things that are here:
a +0 club; a +0 club
C - 7 scrolls labelled MAOBEP OLAOVVASSU (gained 1)
Found a staircase to the Orcish Mines.
There is an open door here.
You now have 648 gold pieces (gained 20).
There is an open door here.
An orc is nearby!
An orc is nearby!
The orc shouts!
You closely miss the orc. The orc hits you with a +0 hand axe.
You hit the orc but do no damage. The orc hits you but does no damage.
You hit the orc.
The orc is lightly wounded.
You hit the orc but do no damage.
The orc is poisoned.
The orc is lightly wounded.
The orc misses you.
You hit the orc but do no damage.
The orc looks as sick as possible!
The orc is moderately wounded.
The orc completely misses you.
You hit the orc.
The orc looks as sick as possible!
The orc is heavily wounded.
You kill the orc!
Sif Muna accepts your kill.
No target in view!
No target in view!
Things that are here:
a +0 hand axe; a +0 leather armour A gnoll sergeant is nearby!
A gnoll sergeant is nearby!
A gnoll sergeant is nearby!
The gnoll sergeant shouts!
You throw a poisoned dart.
The poisoned dart hits the gnoll sergeant.
The gnoll sergeant is poisoned.
The gnoll shouts!
You throw a poisoned dart.
The poisoned dart barely misses the gnoll sergeant.
You throw a poisoned dart.
The poisoned dart hits the gnoll sergeant.
The gnoll sergeant looks even sicker.
The gnoll sergeant is lightly wounded.
The gnoll sergeant misses you.
The gnoll shouts!
You hit the gnoll sergeant but do no damage.
The gnoll sergeant looks as sick as possible!
The gnoll sergeant is lightly wounded.
The gnoll sergeant closely misses you.
You hit the gnoll sergeant but do no damage.
The gnoll sergeant is lightly wounded.
The gnoll sergeant hits you with a +0 spear.
You hit the gnoll sergeant.
The gnoll sergeant looks as sick as possible!
The gnoll sergeant is moderately wounded.
You hit the gnoll sergeant.
The gnoll sergeant looks as sick as possible!
The gnoll sergeant is heavily wounded.
You block the gnoll's attack.
The gnoll sergeant hits you with a +0 spear.
You hit the gnoll sergeant.
The gnoll sergeant looks as sick as possible!
The gnoll sergeant is heavily wounded.
The gnoll hits you but does no damage. The gnoll sergeant closely misses you.
You barely miss the gnoll sergeant.
The gnoll sergeant is severely wounded.
You block the gnoll's attack.
You hit the gnoll sergeant.
The gnoll sergeant looks as sick as possible!
The gnoll sergeant is almost dead.
The gnoll sergeant barely misses you. The gnoll completely misses you.
You hit the gnoll sergeant.
The gnoll sergeant is almost dead.
You block the gnoll's attack. The gnoll sergeant misses you.
You hit the gnoll sergeant but do no damage.
The gnoll sergeant is almost dead.
The gnoll closely misses you. The gnoll misses you.
You hit the gnoll sergeant but do no damage.
The gnoll sergeant looks as sick as possible!
The gnoll sergeant is almost dead.
The gnoll sergeant completely misses you.
The gnoll closely misses you.
You closely miss the gnoll sergeant.
The gnoll sergeant is almost dead.
You kill the gnoll sergeant!
Sif Muna accepts your kill. The gnoll hits you with a +0 club.
Training target 7.0 for Short Blades reached!
Your Short Blades skill increases to level 7!
You hit the gnoll.
The gnoll is lightly wounded.
The gnoll misses you. The gnoll hits you but does no damage.
You hit the gnoll.
The gnoll is poisoned.
The gnoll is moderately wounded.
The gnoll barely misses you.
You hit the gnoll.
The gnoll looks as sick as possible!
The gnoll is heavily wounded.
The gnoll barely misses you.
You hit the gnoll.
The gnoll looks as sick as possible!
The gnoll is severely wounded.
The gnoll misses you. The gnoll completely misses you.
You hit the gnoll but do no damage.
The gnoll looks as sick as possible!
The gnoll is almost dead.
The gnoll completely misses you.
You hit the gnoll.
You kill the gnoll!
Sif Muna accepts your kill. The gnoll completely misses you.
You see here a +0 club.
You hit the gnoll.
The gnoll is poisoned.
The gnoll is lightly wounded.
The gnoll misses you.
You hit the gnoll.
The gnoll is moderately wounded.
The gnoll hits you but does no damage.
You closely miss the gnoll.
The gnoll is moderately wounded.
A gnoll is nearby!
You hit the gnoll.
The gnoll looks even sicker.
The gnoll is heavily wounded.
The gnoll misses you.
You hit the gnoll.
The gnoll looks as sick as possible!
The gnoll is severely wounded.
The gnoll completely misses you.
You barely miss the gnoll.
The gnoll is severely wounded.
You kill the gnoll!
Sif Muna accepts your kill.
No target in view!
No target in view!
No target in view!
No target in view!
Things that are here:
a +0 halberd; a gnoll corpse
d - 60 poisoned darts (gained 1)
Things that are here:
a +0 spear; a +0 ring mail
d - 61 poisoned darts (gained 1)
Things that are here:
a +0 spear; a gnoll skeleton
d - 62 poisoned darts (gained 1)
S - 3 scrolls labelled IMMAER XIUR You now have 659 gold pieces (gained 11).
Things that are here:
a +0 flail; a +0 robe A centaur is nearby!
A centaur is nearby!
A centaur is nearby!
You throw a poisoned dart. The poisoned dart hits the centaur.
The centaur is poisoned.
The centaur shouts!
You throw a poisoned dart. The poisoned dart hits the centaur.
The centaur looks even sicker.
The centaur is lightly wounded.
The centaur wields a +0 shortbow.
The centaur shoots an arrow.
The arrow hits you!
You throw a poisoned dart. The poisoned dart hits the centaur.
The centaur is lightly wounded.
You throw a poisoned dart.
The poisoned dart barely misses the centaur.
The centaur shoots an arrow.
The arrow barely misses you.
The centaur shoots an arrow.
The arrow hits you!
You throw a poisoned dart.
The poisoned dart barely misses the centaur.
The centaur shoots an arrow.
The arrow hits you.
You throw a poisoned dart. The poisoned dart hits the centaur.
The centaur looks even sicker.
The centaur is lightly wounded.
The centaur shoots an arrow.
The arrow hits you!
You are too injured to fight recklessly!
Unknown command.
Throw: 56 darts (poison)
Press: ? - help, Q - select action, (/) - cycle Shift-Dir - straight line, f/p - centaur
Aim: a centaur, wielding a +0 shortbow and quivering arrows (moderately wounded, very poisoned, 74% to hit)
You throw a poisoned dart. The poisoned dart hits the centaur.
The centaur looks as sick as possible!
The centaur is moderately wounded.
The centaur shoots an arrow.
The arrow completely misses you.
The centaur shoots an arrow.
You reflect the arrow off an invisible shield around you!
The arrow hits the centaur!
You kill the centaur!
Sif Muna accepts your kill.
You start resting.
An orc is nearby!
The orc shouts!
You see here a +0 spear.
You closely miss the orc. You hit the orc.
The orc is severely wounded.
The orc misses you.
You hit the orc.
The orc is poisoned.
The orc is almost dead.
You kill the orc!
Sif Muna accepts your kill.
No target in view!
No target in view!
No target in view!
No target in view!
No target in view!
Press: ? - help, v - describe, . - travel, g - get item Item here: a chain mail.
The floor.
Press: ? - help, v - describe, . - travel The floor.
Key pressed, stopping explore.
HP restored.
Key pressed, stopping explore.
Found a trident.
A two-headed ogre is nearby!
A two-headed ogre is nearby!
You throw a poisoned dart.
The poisoned dart barely misses the two-headed ogre.
The two-headed ogre shouts in stereo!
You throw a poisoned dart.
The poisoned dart barely misses the two-headed ogre.
You hit the two-headed ogre.
The two-headed ogre is poisoned.
The two-headed ogre is lightly wounded.
The two-headed ogre hits you with a +0 giant spiked club!!
You block the two-headed ogre's attack.
The two-headed ogre looks more healthy.
Maurice shouts!
Maurice mumbles some strange words.
Maurice puts on a burst of speed!
There is an escape hatch in the ceiling here.
You can't go down here!
The two-headed ogre completely misses you. x2
A mysterious force pulls you upwards. The hatch slams shut behind you.
You hit the two-headed ogre.
The two-headed ogre is poisoned.
The two-headed ogre is lightly wounded.
You hit the two-headed ogre but do no damage.
The two-headed ogre is moderately wounded.
The two-headed ogre hits you with a +0 giant spiked club!
The two-headed ogre completely misses you.
The two-headed ogre looks more healthy.
You hit the two-headed ogre.
The two-headed ogre is moderately wounded.
You hit the two-headed ogre.
The two-headed ogre is moderately wounded.
The two-headed ogre barely misses you. The two-headed ogre misses you.
You hit the two-headed ogre but do no damage.
The two-headed ogre is poisoned.
The two-headed ogre is moderately wounded.
The two-headed ogre closely misses you.
The two-headed ogre completely misses you.
You barely miss the two-headed ogre.
The two-headed ogre is moderately wounded.
You completely miss the two-headed ogre.
The two-headed ogre is moderately wounded.
The two-headed ogre misses you. The two-headed ogre closely misses you.
You hit the two-headed ogre but do no damage.
The two-headed ogre looks as sick as possible!
The two-headed ogre is moderately wounded.
You see here a +0 dagger.
Your leather armour prevents you from hitting the two-headed ogre.
The two-headed ogre is severely wounded.
The two-headed ogre closely misses you.
The two-headed ogre hits you with a +0 dire flail.
You hit the two-headed ogre but do no damage.
The two-headed ogre is severely wounded.
The two-headed ogre hits you with a +0 giant spiked club!
* * * LOW HITPOINT WARNING * * *
You block the two-headed ogre's attack.
There is an open door here.
The two-headed ogre looks more healthy.
You hit the two-headed ogre but do no damage.
The two-headed ogre is poisoned.
The two-headed ogre is severely wounded.
You see here a +0 dagger.
You hit the two-headed ogre.
The two-headed ogre is almost dead.
The two-headed ogre looks more healthy.
You hit the two-headed ogre.
The two-headed ogre is almost dead.
The two-headed ogre closely misses you.
The two-headed ogre hits you with a +0 dire flail!
* * * LOW HITPOINT WARNING * * *
You see here a +0 club.
You hit the two-headed ogre.
The two-headed ogre is poisoned.
The two-headed ogre is severely wounded.
You hit the two-headed ogre but do no damage.
The two-headed ogre looks as sick as possible!
The two-headed ogre is severely wounded.
The two-headed ogre misses you. x2
Things that are here:
a +0 leather armour; a +0 mace You kill the two-headed ogre!
Sif Muna accepts your kill.
Training target 8.0 for Dodging reached!
Training target 4.0 for Armour reached!
Your Armour skill increases to level 4!
Your Dodging skill increases to level 8!
Your Conjurations skill increases to level 1!
Things that are here:
a +0 giant spiked club; a +0 dire flail; a two-headed ogre corpse You start resting.
HP restored.
Unknown command.
Okay, then.
There is an open door here.
There is a stone staircase leading down here.
You climb downwards.
Level annotation: Maurice
There is a stone staircase leading up, spattered with blood here.
You see here a +0 spear.
d - 54 poisoned darts (gained 1)
d - 55 poisoned darts (gained 1) Partly explored, can't reach some items.
Partly explored, can't reach some items.
Partly explored, can't reach some items.
(D) Dungeon (T) Temple (L) Lair (O) Orcish Mines
Where to? (Enter - D:9 @ (x,y), ? - help)
There is a stone staircase leading down here.
You see here a +0 short sword.
You climb downwards.
A hydra and a cyclops come into view.
Found a stone staircase leading up.
There is a stone staircase leading up here.
The helpless cyclops fails to defend itself.
You spit the cyclops like a pig!!!!
You kill the cyclops!
Sif Muna accepts your kill.
Found a scroll labelled KYLAIT CEUGO.
An adder comes into view.
The helpless four-headed hydra fails to defend itself.
You stick the four-headed hydra like a pincushion!!!!
You kill the four-headed hydra!
Sif Muna accepts your kill.
Your Spellcasting skill increases to level 6!
Your Conjurations skill increases to level 2!
Your Invocations skill increases to level 1!
Magic restored.
Things that are here:
3 large rocks; a cyclops corpse An adder is nearby!
(D) Dungeon (T) Temple (L) Lair (O) Orcish Mines
Where to? (Enter - D:11, ? - help)
Okay, then.
A basilisk comes into view.
The basilisk hisses angrily.
Found a potion of curing.
The basilisk gazes at you. You resist with almost no effort.
A basilisk is nearby!
You start waiting.
A basilisk is nearby!
You block the basilisk's attack.
You closely miss the basilisk. The basilisk closely misses you.
You hit the basilisk but do no damage.
The basilisk is poisoned.
The basilisk bites you!
You hit the basilisk.
The basilisk is lightly wounded.
You hit the basilisk.
The basilisk is lightly wounded.
The basilisk gazes at you. You resist with almost no effort.
You hit the basilisk.
The basilisk looks as sick as possible!
The basilisk is moderately wounded.
You block the basilisk's attack.
You hit the basilisk but do no damage.
The basilisk looks as sick as possible!
The basilisk is moderately wounded.
You hit the basilisk.
The basilisk is heavily wounded.
The basilisk gazes at you. You resist with almost no effort.
You barely miss the basilisk.
The basilisk is heavily wounded.
You hit the basilisk.
The basilisk is severely wounded.
The basilisk misses you.
You hit the basilisk.
The basilisk looks as sick as possible!
The basilisk is almost dead.
The basilisk closely misses you.
You hit the basilisk.
The basilisk looks as sick as possible!
The basilisk is almost dead.
The basilisk gazes at you. You resist with almost no effort.
You hit the basilisk.
You kill the basilisk!
Sif Muna accepts your kill.
No target in view!
No target in view!
You see here a hydra corpse.
The helpless adder fails to defend itself.
You spit the adder like a pig!!!!
You kill the adder!
Sif Muna accepts your kill.
No target in view!
HP restored.
You see here an adder corpse.
g - 6 potions of curing (gained 1)
A kobold comes into view. It is wielding a +0 dagger.
You see here a scroll labelled KYLAIT CEUGO.
A kobold is nearby!
A kobold is nearby!
A kobold is nearby! 2 kobolds come into view.
A kobold comes into view. It is wielding a +0 dagger.
A kobold brigand comes into view.
It is wielding a +0 short sword and quivering curare-tipped darts.
The kobold brigand shouts!
A kobold comes into view. It is wielding a +0 club.
The kobold brigand moves out of view.
The kobold shouts! x4
The kobold shouts!
The kobold hits you but does no damage.
You closely miss the kobold. The kobold closely misses you.
You hit the kobold.
You kill the kobold!
Sif Muna accepts your kill.
Sif Muna will now gift you books as you gain piety.
The kobold brigand throws a curare-tipped dart.
The curare-tipped dart barely misses you.
You hit the kobold but do no damage. You hit the kobold but do no damage.
The kobold is poisoned.
The kobold brigand throws a curare-tipped dart.
The curare-tipped dart hits you.
You are poisoned.
You have difficulty breathing.
You feel yourself slow down. The kobold completely misses you.
You hit the kobold.
You kill the kobold!
Sif Muna accepts your kill.
You feel extremely sick.
You hit the kobold.
The kobold is poisoned.
The kobold is heavily wounded.
You kill the kobold!
Sif Muna accepts your kill.
The kobold throws a stone.
The stone misses you.
You hit the kobold brigand.
The kobold brigand is poisoned.
The kobold brigand is lightly wounded.
You feel sick. The kobold brigand misses you.
A kobold comes into view. It is wielding a +0 short sword.
You block the kobold's attack.
You closely miss the kobold brigand.
The kobold brigand is lightly wounded.
You feel sick. The kobold brigand closely misses you.
The kobold closely misses you.
The kobold shouts!
You hit the kobold brigand.
The kobold brigand looks as sick as possible!
The kobold brigand is moderately wounded.
You feel sick.
You are no longer poisoned.
The kobold brigand closely misses you. The kobold misses you.
You block the kobold's attack.
You barely miss the kobold brigand.
The kobold brigand is heavily wounded.
You block the kobold brigand's attack. The kobold completely misses you.
You are too injured to fight recklessly!
You are too injured to fight recklessly!
You are too injured to fight recklessly!
You are too injured to fight recklessly!
You hit the kobold.
The kobold is poisoned.
The kobold is heavily wounded.
You kill the kobold!
Sif Muna accepts your kill.
You see here a book of Death {god gift}.
Sif Muna grants you a gift!
The kobold brigand completely misses you.
The kobold hits you but does no damage.
You barely miss the kobold. The kobold brigand closely misses you.
The kobold misses you. The kobold completely misses you.
You hit the kobold but do no damage.
The kobold is poisoned.
The kobold brigand misses you. The kobold misses you. x2
You hit the kobold.
You kill the kobold!
Sif Muna accepts your kill. The kobold brigand misses you.
The kobold barely misses you.
You kill the kobold!
Sif Muna accepts your kill.
The kobold brigand hits you with a +0 short sword.
The kobold brigand misses you.
Things that are here:
a +0 short sword; a kobold corpse The kobold brigand misses you.
The kobold brigand hits you but does no damage. x2
Things that are here:
a +0 club; 3 stones; a kobold corpse You feel yourself speed up.
You closely miss the kobold brigand.
The kobold brigand is severely wounded.
The kobold brigand completely misses you.
You barely miss the kobold brigand.
The kobold brigand is severely wounded.
You hit the kobold brigand.
The kobold brigand looks as sick as possible!
The kobold brigand is severely wounded.
You block the kobold brigand's attack.
You closely miss the kobold brigand.
The kobold brigand is almost dead.
The kobold brigand misses you.
You closely miss the kobold brigand.
The kobold brigand is almost dead.
You hit the kobold brigand.
You kill the kobold brigand!
Sif Muna accepts your kill.
e - 3 curare-tipped darts (gained 1)
Things that are here:
a +0 short sword; a +0 dagger You pick up a book of Death {god gift} and begin reading...
You add the spells Corpse Rot, Sublimation of Blood, Dispel Undead, Agony and Excruciating Wounds to your library.
T - a scroll labelled KYLAIT CEUGO
There is a stone staircase leading up here.
You start resting.
HP restored.
Okay, then.
You see here a hydra skeleton.
Things that are here:
a +0 short sword; a kobold corpse
Things that are here:
a +0 dagger; a +0 whip; a kobold corpse You open the door.
A brown ugly thing comes into view.
There is an open door here.
A brown ugly thing is nearby!
A brown ugly thing is nearby!
You close the door.
(D) Dungeon (T) Temple (L) Lair (O) Orcish Mines
Where to? (Enter - D:11, ? - help)
Okay, then.
Unknown command.
(D) Dungeon (T) Temple (L) Lair (O) Orcish Mines
Where to? (Enter - D:11, ? - help)
What level of the Lair of Beasts? (default 1, ? - help)
There is a stone staircase leading up here.
You climb upwards.
Level annotation: Maurice
There is a stone staircase leading down here.
You see here a +0 short sword.
There is a staircase to the Lair here.
You climb downwards.
Welcome to the Lair of Beasts!
Found a scroll labelled QEUSESTRURA.
There is a staircase back to the Dungeon here.
s - 18 scrolls labelled QEUSESTRURA (gained 1)
A water moccasin comes into view.
Found 6 gold pieces.
A water moccasin is nearby!
A water moccasin is nearby!
The helpless water moccasin fails to defend itself.
You skewer the water moccasin like a kebab!!!!
You kill the water moccasin!
Sif Muna accepts your kill.
Your Invocations skill increases to level 2!
You see here a water moccasin corpse.
You now have 665 gold pieces (gained 6).
s - 19 scrolls labelled QEUSESTRURA (gained 1)
Found a robe.
A water moccasin comes into view.
The water moccasin hisses angrily.
A water moccasin is nearby!
A water moccasin is nearby!
The water moccasin completely misses you.
You closely miss the water moccasin.
The water moccasin completely misses you.
You closely miss the water moccasin.
The water moccasin completely misses you.
You hit the water moccasin.
The water moccasin is lightly wounded.
The water moccasin barely misses you.
You miss the water moccasin.
The water moccasin is lightly wounded.
The water moccasin barely misses you.
You barely miss the water moccasin.
The water moccasin is lightly wounded.
The water moccasin completely misses you.
You closely miss the water moccasin.
The water moccasin is lightly wounded.
The water moccasin bites you but does no damage.
You closely miss the water moccasin.
The water moccasin is lightly wounded.
The water moccasin closely misses you.
Your +2 dagger of venom stops dripping with poison.
Your hands tingle!
b - a +2 dagger of speed (weapon)
You closely miss the water moccasin.
The water moccasin is lightly wounded.
The water moccasin completely misses you.
You hit the water moccasin.
The water moccasin is lightly wounded.
The water moccasin misses you.
You closely miss the water moccasin.
The water moccasin is lightly wounded.
You hit the water moccasin.
The water moccasin is moderately wounded.
The water moccasin closely misses you.
You closely miss the water moccasin.
The water moccasin is moderately wounded.
The water moccasin bites you but does no damage.
You hit the water moccasin.
The water moccasin is moderately wounded.
You hit the water moccasin.
The water moccasin is heavily wounded.
The water moccasin closely misses you.
You hit the water moccasin but do no damage.
The water moccasin is heavily wounded.
The water moccasin completely misses you.
You hit the water moccasin.
The water moccasin is heavily wounded.
You hit the water moccasin.
The water moccasin is severely wounded.
The water moccasin closely misses you.
You closely miss the water moccasin.
The water moccasin is severely wounded.
You closely miss the water moccasin.
The water moccasin is severely wounded.
The water moccasin closely misses you.
You hit the water moccasin.
The water moccasin is severely wounded.
You hit the water moccasin.
The water moccasin is almost dead.
The water moccasin completely misses you.
You closely miss the water moccasin.
The water moccasin is almost dead.
The water moccasin barely misses you.
You hit the water moccasin.
The water moccasin is almost dead.
You hit the water moccasin but do no damage.
The water moccasin is almost dead.
The water moccasin bites you but does no damage.
You hit the water moccasin.
You kill the water moccasin!
Sif Muna accepts your kill.
No target in view!
No target in view!
Your +2 dagger of venom begins to drip with poison!
a - a +2 dagger of venom (weapon)
You see here a +0 robe.
You see here a +0 robe.
A komodo dragon comes into view.
A komodo dragon is nearby!
A komodo dragon is nearby!
A komodo dragon is nearby!
The komodo dragon hisses angrily.
You hit the komodo dragon.
The komodo dragon is poisoned.
The komodo dragon is lightly wounded.
The komodo dragon misses you.
You hit the komodo dragon but do no damage.
The komodo dragon is lightly wounded.
The komodo dragon bites you.
You hit the komodo dragon but do no damage.
The komodo dragon looks even sicker.
The komodo dragon is lightly wounded.
You closely miss the komodo dragon.
The komodo dragon is lightly wounded.
The komodo dragon misses you.
You hit the komodo dragon but do no damage.
The komodo dragon looks as sick as possible!
The komodo dragon completely misses you.
You hit the komodo dragon.
The komodo dragon looks as sick as possible!
The komodo dragon is lightly wounded.
You hit the komodo dragon but do no damage.
The komodo dragon looks as sick as possible!
The komodo dragon is lightly wounded.
The komodo dragon bites you!!
You are too injured to fight recklessly!
You are too injured to fight recklessly!
You hit the komodo dragon but do no damage.
The komodo dragon looks as sick as possible!
The komodo dragon is severely wounded.
The komodo dragon hisses menacingly.
The komodo dragon barely misses you.
You kill the komodo dragon!
Sif Muna accepts your kill.
No target in view!
No target in view!
HP restored.
Found a stone staircase leading down.
You now have 683 gold pieces (gained 18).
You now have 699 gold pieces (gained 16).
s - 20 scrolls labelled QEUSESTRURA (gained 1)
s - 21 scrolls labelled QEUSESTRURA (gained 1)
You now have 718 gold pieces (gained 19).
You now have 733 gold pieces (gained 15).
Found a flail.
p - 2 murky orange potions (gained 1)
A water moccasin and a hydra come into view.
The six-headed hydra roars!
There are monsters nearby!
Unknown command.
Unknown command.
Found a stone staircase leading down.
Okay, then.
Unknown command.
Okay, then.
Unknown command.
Unknown command.
Casting: Manifold Assault (dangerous; 4% risk of failure)
Confirm with . or Enter, or press ? or * to list all spells.
Aiming: Passage of Golubria (dangerous; 4% risk of failure)
Press: ? - help, Dir - move target You enter the passage of Golubria.
There is a passage of Golubria here.
Aiming: Polymorph
Press: ? - help, Shift-Dir - straight line, f - six-headed hydra
Aim: a six-headed hydra (will become a bunyip, a spark wasp, or a snapping turtle, chance to affect: 15%)
Okay, then.
Unknown command.
Aiming: Random Effects
Press: ? - help, Shift-Dir - straight line, f - six-headed hydra
Aim: a six-headed hydra The six-headed hydra twists and deforms.
Casting: Passage of Golubria (dangerous; 4% risk of failure)
Confirm with . or Enter, or press ? or * to list all spells.
You don't know that spell.
Casting: Passage of Golubria (dangerous; 4% risk of failure)
Confirm with . or Enter, or press ? or * to list all spells.
Space momentarily warps into an impossible shape!
You barely miss the six-headed hydra.
Unknown command.
Casting: Manifold Assault (dangerous; 4% risk of failure)
Confirm with . or Enter, or press ? or * to list all spells.
Aiming: Passage of Golubria (dangerous; 4% risk of failure)
Press: ? - help, Dir - move target, p - six-headed hydra You enter the passage of Golubria.
Aiming: Random Effects
Press: ? - help, Shift-Dir - straight line, f - six-headed hydra
Aim: a six-headed hydra (misshapen and mutated)
The six-headed hydra seems to grow stronger.
Aiming: Random Effects
Press: ? - help, Shift-Dir - straight line, f/p - six-headed hydra
Aim: a six-headed hydra (strong, misshapen and mutated)
The six-headed hydra easily resists.
Aiming: Random Effects
Press: ? - help, Shift-Dir - straight line, f/p - six-headed hydra
Aim: a six-headed hydra (strong, misshapen and mutated)
The six-headed hydra flickers and vanishes!
Deactivating autopickup; reactivate with Ctrl-A.
You start resting.
Something bites you! Something misses you. Something barely misses you.
Something bites you! Something barely misses you.
Something bites you but does no damage.
You hear a snapping sound.
A six-headed hydra appears from thin air!
Reactivating autopickup.
The six-headed hydra seems to return to its normal shape.
The six-headed hydra no longer looks unusually strong.
The teleport trap disappears.
The six-headed hydra disappears!
HP restored.
A water moccasin comes into view.
A water moccasin is nearby!
A water moccasin is nearby!
A water moccasin is nearby!
The helpless water moccasin fails to defend itself.
You spit the water moccasin like a pig!!!!
You kill the water moccasin!
Sif Muna accepts your kill.
No target in view!
No target in view!
No target in view!
No target in view!
No target in view!
No target in view!
No target in view!
No target in view!
No target in view!
Found a stone staircase leading down.
You now have 739 gold pieces (gained 6).
There is a stone staircase leading down here.
A six-headed hydra is nearby!
A six-headed hydra is nearby!
A six-headed hydra is nearby!
Okay, then.
Unknown command.
There is a stone staircase leading down here.
A six-headed hydra is nearby!
A six-headed hydra is nearby!
A six-headed hydra is nearby!
A six-headed hydra is nearby!
The six-headed hydra roars!
You hit the six-headed hydra.
The six-headed hydra is lightly wounded.
There is a stone staircase leading down here.
The six-headed hydra completely misses you. x2
You block the six-headed hydra's attack. x2
The six-headed hydra bites you! The six-headed hydra misses you.
Unknown command.
Unknown command.
Unknown command.
Unknown command.
Unknown command.
Unknown command.
Unknown command.
Casting: Passage of Golubria (dangerous; 4% risk of failure)
Confirm with . or Enter, or press ? or * to list all spells.
Aiming: Gell's Gravitas (safe; 1% risk of failure)
Press: ? - help, Dir - move target, p - six-headed hydra Gravity reorients around empty space.
The six-headed hydra completely misses you.
The six-headed hydra bites you but does no damage. x2
The six-headed hydra bites you!
The six-headed hydra completely misses you.
The six-headed hydra bites you but does no damage.
Casting: Gell's Gravitas (safe; 1% risk of failure)
Confirm with . or Enter, or press ? or * to list all spells.
Aiming: Gell's Gravitas (safe; 1% risk of failure)
Press: ? - help, Dir - move target Gravity reorients around empty space.
Casting: Gell's Gravitas (safe; 1% risk of failure)
Confirm with . or Enter, or press ? or * to list all spells.
Aiming: Gell's Gravitas (safe; 1% risk of failure)
Press: ? - help, Dir - move target Gravity reorients around empty space.
Casting: Gell's Gravitas (safe; 1% risk of failure)
Confirm with . or Enter, or press ? or * to list all spells.
Aiming: Gell's Gravitas (safe; 1% risk of failure)
Press: ? - help, Dir - move target Gravity reorients around empty space.
Casting: Gell's Gravitas (safe; 1% risk of failure)
Confirm with . or Enter, or press ? or * to list all spells.
Aiming: Gell's Gravitas (safe; 1% risk of failure)
Press: ? - help, Dir - move target Gravity reorients around empty space.
A six-headed hydra is nearby!
Really walk into that dispersal trap?
You enter a dispersal trap!
The six-headed hydra blinks!
You blink.
Unknown command.
You start resting.
A six-headed hydra is nearby!
Aiming: Random Effects
Press: ? - help, Shift-Dir - straight line, f - six-headed hydra
Aim: a six-headed hydra The six-headed hydra resists with almost no effort.
Aiming: Random Effects
Press: ? - help, Shift-Dir - straight line, f/p - six-headed hydra
Aim: a six-headed hydra The six-headed hydra twists and deforms.
Aiming: Random Effects
Press: ? - help, Shift-Dir - straight line, f/p - six-headed hydra
Aim: a six-headed hydra (misshapen and mutated)
The six-headed hydra seems to grow stronger.
The six-headed hydra enters a dispersal trap!
You blink.
The six-headed hydra blinks!
Casting: Gell's Gravitas (safe; 1% risk of failure)
Confirm with . or Enter, or press ? or * to list all spells.
You miscast Manifold Assault.
You are very lightly contaminated with residual magic.
Nothing appears to happen.
The six-headed hydra closely misses you.
The six-headed hydra bites you!
The six-headed hydra closely misses you.
The six-headed hydra misses you.
You block the six-headed hydra's attack.
The six-headed hydra misses you.
Your magical contamination has completely faded away.
Really walk into that dispersal trap?
You enter a dispersal trap!
The six-headed hydra blinks! x2; You blink.
The six-headed hydra no longer looks unusually strong.
You block the six-headed hydra's attack.
The six-headed hydra bites you.
The six-headed hydra closely misses you.
The six-headed hydra bites you.
The six-headed hydra closely misses you.
The six-headed hydra completely misses you.
The six-headed hydra seems to return to its normal shape.
Aiming: Random Effects
Press: ? - help, Shift-Dir - straight line, f/p - six-headed hydra
Aim: a six-headed hydra The six-headed hydra seems to speed up.
The six-headed hydra completely misses you.
The six-headed hydra closely misses you.
The six-headed hydra bites you. The six-headed hydra bites you!
The six-headed hydra completely misses you.
The six-headed hydra bites you. The six-headed hydra misses you.
You block the six-headed hydra's attack. x2
The six-headed hydra completely misses you.
The six-headed hydra misses you. The six-headed hydra barely misses you.
Really walk into that dispersal trap?
You enter a dispersal trap!
The six-headed hydra blinks!
You blink.
The six-headed hydra bites you!
* * * LOW HITPOINT WARNING * * *
The six-headed hydra bites you.
* * * LOW HITPOINT WARNING * * *
The six-headed hydra completely misses you.
The six-headed hydra misses you. x2; The six-headed hydra bites you!
* * * LOW HITPOINT WARNING * * *
Unknown command.
Okay, then.
Okay, then.
As you read the scroll labelled MAOBEP OLAOVVASSU, it crumbles to dust.
The creatures around you are filled with an inner flame!
It was a scroll of immolation.
You block the six-headed hydra's attack.
The six-headed hydra completely misses you.
The six-headed hydra misses you.
The six-headed hydra closely misses you.
The six-headed hydra bites you.
You die...

# ### ### #.##### #..
##..P#.#####.# ###............#
#####..#.#####...... #...D§....#
#...#.. #..@#P#P..# ##.##.#
#.######..## ####.# ####.##
##...# ##.. ##.....# #....# ##P.#
### #..##### ##..## #....
######.####.## #..######....
.............########............
..######..PP.....................
..........##.##.#####.####.#..###


You could see a six-headed hydra (fast, inner flame).

Vanquished Creatures
  A hydra (D:11)
  Erolcha (D:9)
  5 two-headed ogres
  Pikel (D:6)
  A cyclops (D:11)
  Joseph (D:8)
  A gargoyle (D:10)
  Maggie (D:6)
  Psyche (D:8)
  A komodo dragon (Lair:1)
  Grinder (D:5)
  Sigmund (D:5)
  A basilisk (D:11)
  Grum (D:10)
  A wyvern (D:10)
  Eustachio (D:6)
  Menkaure (D:6)
  Duvessa (D:4)
  4 water moccasins
  6 orc warriors
  4 sky beasts
  2 ogres (D:7)
  2 necrophages (D:8)
  2 wolves (D:9)
  8 centaurs
  2 kobold brigands
  5 phantoms
  3 lemures (D:6)
  Blork the orc (D:6)
  4 bullfrogs
  2 gnoll sergeants (D:10)
  A wyvern skeleton (D:10)
  Dowan (D:4)
  A water moccasin zombie (D:9)
  5 scorpions
  A bullfrog zombie (D:8)
  A howler monkey (D:4)
  A crimson imp (D:4)
  5 hounds
  13 orc priests
  A gnoll shaman (D:7)
  5 jellies
  2 bullfrog skeletons (D:10)
  3 centaur skeletons
  2 iguanas (D:9)
  3 worker ants
  Natasha (twice) (D:3)
  9 orc wizards
  2 hound zombies
  2 hound skeletons
  4 mummies
  A worker ant zombie (D:3)
  15 adders
  13 gnolls
  A howler monkey skeleton (D:8)
  6 shadow imps
  A white imp (D:4)
  4 ufetubi
  An adder skeleton (D:8)
  4 worms
  61 orcs
  3 giant cockroaches
  7 goblins
  4 hobgoblins
  11 jackals
  11 oozes
  6 quokkas
  6 ball pythons
  9 bats
  4 frilled lizards
  A goblin zombie (D:6)
  A jackal skeleton (D:4)
  A jackal zombie (D:5)
  18 kobolds
  A quokka skeleton (D:8)
  A quokka zombie (D:5)
  5 rats
  A rat zombie (D:6)
328 creatures vanquished.

Vanquished Creatures (others)
  A fungus (D:3)
  24 plants
  A withered plant (D:8)
26 creatures vanquished.

Grand Total: 354 creatures vanquished

Notes
Turn   | Place    | Note
-------+----------+-------------------------------------------
     0 | D:1      | sleeves the Deep Elf Brigand began the quest for the Orb.
     0 | D:1      | Reached XP level 1. HP: 12/12 MP: 3/3
   138 | D:1      | Reached skill level 5 in Stealth
   317 | D:1      | HP: 1/12 [poisoned by a goblin]
   339 | D:1      | Reached XP level 2. HP: 11/16 MP: 4/4
   614 | D:1      | HP: 8/16 [ooze/Freeze (5)]
  1011 | D:1      | Reached XP level 3. HP: 15/20 MP: 5/5
  1631 | D:2      | Reached skill level 3 in Short Blades
  2026 | D:2      | Reached skill level 6 in Stealth
  2324 | D:3      | Reached XP level 4. HP: 22/25 MP: 6/6
  2493 | D:3      | HP: 12/26 [orc/+0 mace (3)]
  2700 | D:3      | HP: 13/26 [orc/+0 club (6)]
  3041 | D:3      | HP: 13/26 [orc/+0 hand axe (8)]
  3192 | D:3      | Reached skill level 2 in Dodging
  3515 | D:3      | HP: 13/26 [orc wizard/+0 dagger (2)]
  3519 | D:3      | Reached skill level 2 in Fighting
  3519 | D:3      | Reached XP level 5. HP: 15/30 MP: 7/7
  4232 | D:3      | Noticed Natasha
  4244 | D:3      | HP: 11/30 [Natasha/magic dart (7)]
  4245 | D:3      | Killed Natasha
  4246 | D:3      | Reached skill level 4 in Short Blades
  4468 | D:3      | Found a sacrificial altar of Ru.
  4722 | D:4      | Reached skill level 3 in Dodging
  4722 | D:4      | Reached XP level 6. HP: 36/36 MP: 8/8
  4735 | D:3      | HP: 17/36 [poisoned by an adder]
  4740 | D:3      | HP: 9/36 [adder (2)]
  4965 | D:3      | Noticed Natasha
  4978 | D:3      | Killed Natasha
  5260 | D:4      | Reached skill level 7 in Stealth
  5505 | D:4      | Found a shimmering altar of Xom.
  5684 | D:4      | Reached skill level 3 in Fighting
  5684 | D:4      | Reached XP level 7. HP: 41/41 MP: 9/9
  5788 | D:4      | Found a staircase to the Ecumenical Temple.
  5812 | D:4      | Reached skill level 4 in Dodging
  5824 | Temple   | Entered the Ecumenical Temple
  6098 | Temple   | Became a worshipper of Sif Muna the Loreminder
  6101 | Temple   | Learned a level 1 spell: Apportation
  6543 | D:4      | Noticed Dowan
  6574 | D:4      | Noticed Duvessa
  6580 | D:4      | HP: 20/41 [Duvessa/+0 rapier (6)]
  6585 | D:4      | HP: 13/41 [Duvessa/+0 rapier (3)]
  6586 | D:4      | HP: 6/41 [Duvessa/+0 rapier (7)]
  6600 | D:4      | Killed Duvessa
  6601 | D:4      | Reached skill level 1 in Spellcasting
  6601 | D:4      | Reached skill level 1 in Translocations
  6940 | D:4      | Killed Dowan
  6941 | D:4      | Reached skill level 5 in Short Blades
  7069 | D:5      | Entered Level 5 of the Dungeon
  7093 | D:5      | You fall into a shaft and drop 1 floor!
  7157 | D:6      | Noticed Maggie
  7189 | D:6      | Reached skill level 2 in Spellcasting
  7198 | D:6      | HP: 16/41 [acid (8)]
  7215 | D:6      | Noticed Menkaure
  7218 | D:6      | HP: 11/41 [jelly (3)]
  7218 | D:6      | HP: 1/41 [acid (10)]
  7353 | D:6      | HP: 13/41 [acid (5)]
  7393 | D:6      | HP: 12/41 [acid (5)]
  7613 | D:6      | Found a sand-covered staircase.
  7633 | Ossuary  | Entered an ossuary
  7657 | Ossuary  | Reached skill level 2 in Translocations
  7791 | D:6      | Noticed Eustachio
  7796 | D:6      | Killed Eustachio
  7797 | D:6      | Reached skill level 8 in Stealth
  7797 | D:6      | Reached XP level 8. HP: 48/48 MP: 12/14
  7808 | D:6      | HP: 23/48 [orc priest/+0 whip (5)]
  7818 | D:5      | HP: 17/48 [orc priest/+0 whip (7)]
  7825 | D:5      | Reached skill level 5 in Dodging
  7839 | D:5      | HP: 19/48 [ufetubus (1)]
  8073 | D:5      | Found a bloodstained altar of Trog.
  8085 | D:5      | Reached skill level 3 in Spellcasting
  8265 | D:5      | Reached * piety under Sif Muna
  8373 | D:5      | Noticed Grinder
  8380 | D:5      | Killed Grinder
  8381 | D:5      | Reached skill level 4 in Fighting
  8381 | D:5      | Reached skill level 4 in Spellcasting
  8381 | D:5      | Reached skill level 3 in Translocations
  8437 | D:5      | Found a shadowy altar of Dithmenos.
  8626 | D:5      | Noticed Sigmund
  8639 | D:5      | HP: 24/48 [poisoned by Sigmund]
  8641 | D:5      | Killed Sigmund
  8642 | D:5      | Reached skill level 9 in Stealth
  8642 | D:5      | Reached skill level 4 in Translocations
  8853 | D:5      | Learned a level 3 spell: Gell's Gravitas
  8858 | D:5      | Learned a level 4 spell: Passage of Golubria
  8859 | D:5      | Found a blossoming altar of Fedhas.
  9040 | D:6      | Noticed Blork the orc
  9040 | D:6      | Noticed Pikel
  9075 | D:6      | Reached skill level 5 in Spellcasting
  9345 | D:6      | HP: 22/48 [Menkaure (12)]
  9363 | D:6      | HP: 13/48 [??? (11)]
  9626 | D:6      | Reached XP level 9. HP: 52/52 MP: 18/18
  9661 | D:5      | HP: 26/52 [acid (1)]
  9677 | D:5      | HP: 25/52 [acid (4)]
  9954 | D:6      | Killed Menkaure
 10046 | D:6      | HP: 19/53 [Blork the orc/+0 battleaxe (17)]
 10050 | D:6      | Killed Blork the orc
 10316 | D:6      | HP: 25/53 [Maggie/+1 broad axe of venom (10)]
 10321 | D:6      | Killed Pikel
 10322 | D:6      | Reached skill level 5 in Fighting
 10322 | D:6      | Reached skill level 10 in Stealth
 10322 | D:6      | Reached skill level 5 in Translocations
 10327 | D:6      | Killed Maggie
 10328 | D:6      | Reached skill level 6 in Translocations
 10521 | D:6      | HP: 27/54 [orc priest/divine providence (9)]
 10540 | D:6      | Reached ** piety under Sif Muna
 10839 | D:6      | Reached skill level 11 in Stealth
 11461 | D:7      | Reached skill level 7 in Translocations
 12189 | D:7      | HP: 21/54 [orc priest/divine providence (11)]
 12493 | D:7      | Reached XP level 10. HP: 59/59 MP: 19/19
 13545 | D:8      | Reached skill level 1 in Armour
 13694 | D:8      | Learned a level 4 spell: Manifold Assault
 13707 | D:8      | Found an opulent altar of Gozag.
 13755 | D:8      | Found Gozag's Platinum Reserve.
 14000 | D:8      | Found a shimmering altar of Xom.
 14001 | D:8      | Found a shimmering altar of Xom.
 14001 | D:8      | Found a shimmering altar of Xom.
 14001 | D:8      | Found a shimmering altar of Xom.
 14001 | D:8      | Found a shimmering altar of Xom.
 14076 | D:8      | Noticed Psyche
 14083 | D:8      | Killed Psyche
 14132 | D:8      | Reached *** piety under Sif Muna
 14133 | D:8      | Reached skill level 12 in Stealth
 14279 | D:8      | Noticed a two-headed ogre
 14299 | D:8      | HP: 23/58 [two-headed ogre/+0 giant club (17)]
 14321 | D:8      | Noticed a death drake
 14339 | D:8      | Killed a two-headed ogre
 14340 | D:8      | Reached skill level 2 in Armour
 14340 | D:8      | Reached skill level 6 in Dodging
 14500 | D:8      | Noticed a glowing orange brain
 14531 | D:8      | Found a broken altar of Ashenzari.
 14778 | D:8      | Noticed Joseph
 14911 | D:8      | HP: 23/59 [Joseph/sling bullet (13)]
 14979 | D:8      | Killed Joseph
 15285 | D:9      | Noticed a two-headed ogre
 15445 | D:9      | Reached skill level 6 in Short Blades
 15497 | D:9      | Killed a two-headed ogre
 15595 | D:9      | Noticed a two-headed ogre
 15602 | D:9      | Killed a two-headed ogre
 15603 | D:9      | Reached skill level 6 in Fighting
 15603 | D:9      | Reached skill level 3 in Armour
 15603 | D:9      | Reached skill level 7 in Dodging
 15677 | D:9      | Reached XP level 11. HP: 64/64 MP: 20/20
 15737 | D:9      | Found a sparkling altar of Nemelex Xobeh.
 15795 | D:9      | Noticed Erolcha
 15801 | D:9      | Killed Erolcha
 15802 | D:9      | Reached skill level 8 in Translocations
 16305 | D:9      | Noticed a two-headed ogre
 16328 | D:9      | Killed a two-headed ogre
 16542 | D:9      | Found a hazy altar of Hepliaklqana.
 16580 | D:9      | Found a blossoming altar of Fedhas.
 16774 | D:9      | HP: 25/64 [orc priest/divine providence (15)]
 17030 | D:9      | Reached **** piety under Sif Muna
 17200 | D:10     | Entered Level 10 of the Dungeon
 17375 | D:10     | Noticed Grum
 17657 | D:10     | Reached skill level 13 in Stealth
 17677 | D:9      | Learned a level 3 spell: Stone Arrow
 17715 | D:10     | Found a staircase to the Lair.
 17718 | D:10     | Noticed a two-headed ogre
 17915 | D:10     | Noticed Maurice
 18062 | D:10     | HP: 15/65 [orc warrior/+0 trident (21)]
 18330 | D:10     | Killed Grum
 18532 | D:10     | Found a staircase to the Orcish Mines.
 18644 | D:10     | Reached skill level 7 in Short Blades
 19025 | D:9      | HP: 26/65 [two-headed ogre/+0 giant spiked club (13)]
 19068 | D:9      | HP: 23/65 [two-headed ogre/+0 giant spiked club (11)]
 19104 | D:9      | Killed a two-headed ogre
 19105 | D:9      | Reached skill level 4 in Armour
 19105 | D:9      | Reached skill level 8 in Dodging
 19105 | D:9      | Reached skill level 1 in Conjurations
 19373 | D:11     | Noticed a four-headed hydra
 19382 | D:11     | Killed a four-headed hydra
 19383 | D:11     | Reached skill level 6 in Spellcasting
 19383 | D:11     | Reached skill level 2 in Conjurations
 19383 | D:11     | Reached skill level 1 in Invocations
 19496 | D:11     | Reached ***** piety under Sif Muna
 19505 | D:11     | Received a gift from Sif Muna
 19674 | D:11     | Noticed a brown ugly thing
 19717 | Lair:1   | Entered Level 1 of the Lair of Beasts
 19736 | Lair:1   | Reached skill level 2 in Invocations
 20205 | Lair:1   | Noticed a six-headed hydra
 20720 | Lair:1   | HP: 22/65 [six-headed hydra (16)]
 20720 | Lair:1   | HP: 3/65 [six-headed hydra (14)]
 20721 | Lair:1   | Slain by a six-headed hydra

Illustrated notes

Levels and vault maps discovered:
D:1:      minmay_arrival_four_loops, layout_basic, minmay_misc_feat_five
D:2:      layout_basic
D:3:      layout_loops_ring, nicolae_ru_the_path_less_chosen,
          kennysheep_doodads, uniq_natasha
D:4:      layout_loops_ring, lemuel_crystal_altar,
          minmay_temple_entry_junction_2, minmay_fire_ice_demons, uniq_duvessa
D:5:      layout_rooms, lemuel_coloured_pillars_altar, basic_altar,
          hex_intersection, grunt_dithmenos_shadows, uniq_grinder, uniq_sigmund
D:6:      layout_cave_pools, enter_ossuary_4, corexii_item_surrounded_by_moat,
          uniq_maggie, uniq_pikel, uniq_blork_the_orc, uniq_eustachio,
          uniq_menkaure
D:7:      layout_gridville
D:8:      layout_loops_ring, nicolae_ashenzari_panopticon,
          nicolae_gozag_zags_fifth_avenue, serial_undead, serial_undead_a,
          serial_undead_e, serial_undead_c, serial_undead_a, grunt_ministairs_8,
          xom_shifter_show, uniq_joseph, uniq_psyche
D:9:      layout_basic, nicolae_hepliaklqana_hazy_memory,
          nemelex_xobeh_ov_fountains_minmay, fedhas_altar_4, uniq_erolcha
D:10:     layout_cave_pools, lair_entry_dummy, hiddenorc1_lemuel,
          minmay_misc_feat_doors, kb_lookout_dungeons_type, uniq_maurice,
          uniq_grum
D:11:     layout_stronghold
Temple:   bh_familiar_temple
Lair:1:   layout_loops_ring

Skill      XL: |  1  2  3  4  5  6  7  8  9 10 11 |
---------------+----------------------------------+-----
Stealth        | 5 6 7 8 9 11 12 13 | 13.7
Short Blades   | 3 4 5 6 7 |  7.0
Dodging        | 2 3 4 5 7 8 |  8.0
Fighting       | 2 3 4 5 6 |  6.3
Spellcasting   | 2 5 6 |  6.4
Translocations | 2 4 7 8 |  8.1
Armour         | 3 4 |  4.0
Conjurations   | 2 |  2.8
Invocations    | 2 |  2.4
Throwing       | |  2.0

Action                   |  1- 3 |  4- 6 |  7- 9 | 10-12 || total
-------------------------+-------+-------+-------+-------++-------
Melee: Dagger            |   111 |   158 |   526 |   737 ||  1532
       Falchion          |       |       |       |     6 ||     6
Throw: Dart              |     7 |    13 |    27 |    33 ||    80
 Cast: Manifold Assault  |       |       |       |     6 ||     6
       Gell's Gravitas   |       |       |       |     5 ||     5
       Passage of Golubr |       |       |       |     2 ||     2
Evoke: Wand              |       |       |    11 |    13 ||    24
  Use: Potion            |     1 |     1 |     2 |       ||     4
       Scroll            |       |       |       |     1 ||     1
 Stab: Sleeping          |    14 |    11 |    17 |    29 ||    71
       Distracted        |       |     3 |     1 |     3 ||     7
       Paralysed         |       |       |       |     1 ||     1
Armor: Robe              |    25 |     5 |       |       ||    30
       Leather armour    |       |     6 |    41 |    63 ||   110
       Ring mail         |       |     6 |    23 |       ||    29
Dodge: Dodged            |    67 |    53 |   255 |   536 ||   911
Block: Other             |       |    13 |    73 |   126 ||   212
       Reflection        |       |     1 |     1 |    10 ||    12
       Rpst.: Falchion   |       |       |       |     1 ||     1

Table legend: (Time is in decaauts)
 A = Elapsed time spent in this place.
 B = Non-inter-level travel time spent in this place.
 C = Inter-level travel time spent in this place.
 D = Time resting spent in this place.
 E = Time spent auto-exploring this place.
 F = Levels seen in this place.
 G = Mean time per level.
                   A        B        C        D        E       F      G
               +--------+--------+--------+--------+--------+-----+--------+
         Total |  20227 |  19496 |    731 |   6837 |   8086 |  14 | 1444.8 |
       Dungeon |  18821 |  18096 |    725 |   6624 |   7315 |  11 | 1711.0 |
        Temple |    283 |    277 |      6 |     90 |    164 |   1 |  283.0 |
          Lair |    986 |    986 |      0 |     13 |    607 |   1 |  986.0 |
       Ossuary |    136 |    136 |      0 |    110 |      0 |   1 |  136.0 |
               +--------+--------+--------+--------+--------+-----+--------+

Top non-repeatable levels by time:
     D:9: 2746 daAuts
     D:3: 2467 daAuts
     D:6: 2417 daAuts
     D:8: 1948 daAuts
     D:7: 1799 daAuts
     D:5: 1728 daAuts
     D:2: 1681 daAuts
     D:4: 1307 daAuts
     D:1: 1252 daAuts
    D:10: 1143 daAuts
  Lair:1: 986 daAuts
    D:11: 328 daAuts
  Temple: 283 daAuts
 Ossuary: 136 daAuts
